 Dungeon Crawl Stone Soup version 0.28-a0-616-gdeb3d7f7b4 (webtiles) character file.

Game seed: 12884705336243716304

3042 1994 the Covert (level 9, -13/71 HPs)
             Began as a Vampire Brigand on Oct 6, 2021.
             Mangled by an orc warrior (22 damage)
             ... on level 8 of the Dungeon.
             The game lasted 00:32:32 (7990 turns).

1994 the Covert (Vampire Brigand)                   Turns: 7990, Time: 00:32:33

Health: -13/71     AC:  8    Str: 10    XL:     9   Next: 56%
Magic:  9/9        EV: 15    Int: 13    God:
Gold:   335        SH:  0    Dex: 19    Spells: 8/8 levels left

rFire   . . .      SeeInvis +   a - +2 rapier (elec)
rCold   . . .      Faith    .   (no shield)
rNeg    . . .      Spirit   .   B - +0 leather armour
rPois   .          Reflect  .   j - +2 hat
rElec   .          Harm     .   c - +1 cloak
rCorr   .          Rampage  .   g - +0 pair of gloves
Will    .....                   (no boots)
Stlth   +++++.....              (no amulet)
HPRegen 0.41/turn               (no ring)
MPRegen 0.11/turn               (no ring)

@: healing quickly
A: alive, fangs 3, see invisible, vampiric 2
a: Exsanguinate


You were on level 8 of the Dungeon.
You visited 2 branches of the dungeon, and saw 9 of its levels.
You also visited: Sewer.

You collected 335 gold pieces.

Inventory:

Hand Weapons
 a - a +2 rapier of electrocution (weapon)
 b - a +3 dagger
 C - a +2 short sword of speed
Missiles
 d - 15 poisoned darts (quivered)
 e - 3 curare-tipped darts
 G - a throwing net
Armour
 c - a +1 cloak (worn)
 f - a +0 robe
 g - a +0 pair of gloves (worn)
 j - a +2 hat (worn)
 l - a +0 helmet
 B - a +0 leather armour (worn)
Jewellery
 F - a ring of ice
Wands
 w - a wand of iceblast (9)
 D - a wand of flame (9)
Scrolls
 i - a scroll of fog
 m - a scroll of magic mapping {unknown}
 o - a scroll of brand weapon {unknown}
 p - a scroll of identify
 r - 3 scrolls of enchant weapon
 t - a scroll of blinking {unknown}
 u - 2 scrolls of summoning
 v - a scroll of fear {unknown}
 y - a scroll of enchant armour
 z - a scroll of amnesia {unknown}
 H - a scroll of silence {unknown}
Potions
 h - a potion of brilliance
 k - 4 potions of curing
 n - a potion of ambrosia
 q - 2 potions of heal wounds
 s - 2 potions of haste
 x - a potion of flight
 A - a potion of lignification
 E - 2 potions of berserk rage {unknown}
 I - a potion of magic {unknown}


   Skills:
 * Level 6.5 Fighting
 * Level 8.6 Short Blades
 - Level 1.5 Throwing
 + Level 5.7 Dodging
 * Level 12.0 Stealth


You had 8 spell levels left.
You didn't know any spells.
Your spell library contained the following spells:

 Spells                   Type           Power      Damage    Failure   Level
 Magic Dart               Conj           0%         1d3       38%         1
 Call Imp                 Summ           0%         N/A       54%         2
 Searing Ray              Conj           0%         2d4       54%         2
 Mephitic Cloud           Conj/Pois/Air  0%         N/A       77%         3
 Animate Dead             Necr           0%         N/A       99%         4
 Fulminant Prism          Conj/Hex       0%         3d6       99%         4
 Haunt                    Necr/Summ      0%         N/A       100%        7
 Infestation              Necr           0%         N/A       100%        8


Dungeon Overview and Level Annotations

Branches:
Dungeon (8/15)             Temple (1/1) D:6           Sewer (visited)
   Lair: D:8-11

Altars:
Ashenzari
Dithmenos
Elyvilon
Gozag
Hepliaklqana
Kikubaaqudgha
Makhleb
Nemelex Xobeh
Okawaru
Qazlal
Ru
Sif Muna
Trog
Vehumet
Wu Jian
Xom
Yredelemnul
Zin

Shops:
D:4 (

Annotations:
D:5 garg


Innate Abilities, Weirdness & Mutations

Your natural rate of healing is accelerated.
You have razor-sharp teeth.
You have supernaturally acute eyesight. (SInv)
You are afflicted with vampirism and can become a bat while bloodless.


Message History

Unknown command.
The orc warrior hits you with a +0 glaive!
You hit the orc warrior but do no damage.
The orc warrior closely misses you.
You completely miss the orc warrior. The orc warrior completely misses you.
You hit the orc warrior.
The orc warrior is lightly wounded.
You closely miss the orc warrior.
The orc warrior is lightly wounded.
The orc warrior barely misses you.
You hit the orc warrior.
Lightning courses through the orc warrior!
The orc warrior is almost dead.
The orc warrior hits you with a +0 glaive!
You hit the orc warrior but do no damage.
The orc warrior is almost dead.
The orc warrior misses you.
You hit the orc warrior.
The orc warrior is almost dead.
The orc warrior completely misses you.
You barely miss the orc warrior.
The orc warrior is almost dead.
You hit the orc warrior but do no damage.
Your bite misses the orc warrior.
The orc warrior is almost dead.
The orc warrior hits you with a +0 glaive!
You completely miss the orc warrior.
The orc warrior is almost dead.
The orc warrior hits you with a +0 glaive!!
* * * LOW HITPOINT WARNING * * *
You barely miss the orc warrior.
The orc warrior is almost dead.
The orc warrior hits you with a +0 glaive!
* * * LOW HITPOINT WARNING * * *
You hit the orc warrior.
The orc warrior is almost dead.
You hit the orc warrior but do no damage.
The orc warrior is almost dead.
The orc warrior hits you with a +0 glaive!!
You die...

#.##### #.....# #.......#
....).# #.......# ....(.##
#.......### .......###
#......... #.).)....# #.......#
#.....##.###.......#
#.....##...#.....o.#
#.....####[#..[<@..# # #. .≈≈.
#..##.# #.)[#####.# #.##......
..###.#####.#####..###
#.##.#≈... ###
#.#.....).>o..[..# #.........
...)...#......#####[###.#......#
..o.####......## ##.#..........#
#............###.)#...#......#
#.##..>###.o..........#..)...#
##.#####.#.##.###.....)<..##


You could see an orc warrior.

Vanquished Creatures
  Prince Ribbit (D:7)
  Sigmund (D:6)
  A wraith (D:6)
  2 orc warriors (D:8)
  4 necrophages
  4 ogres
  A centaur (D:6)
  A kobold brigand (D:6)
  A water moccasin zombie (D:5)
  8 wights
  A howler monkey (D:6)
  A centaur zombie (D:8)
  2 bullfrog zombies
  2 jellies (D:5)
  A bullfrog skeleton (D:6)
  2 hounds (D:7)
  2 iguanas (D:5)
  6 orc priests
  A centaur skeleton (D:7)
  Jessica (D:3)
  Terence (D:2)
  8 orc wizards
  A killer bee zombie (D:4)
  A howler monkey zombie (D:8)
  6 gnolls
  8 adders
  A howler monkey skeleton (D:7)
  2 river rats (Sewer)
  A white imp (D:5)
  An ufetubus (D:5)
  2 worms (D:3)
  3 dart slugs
  19 orcs
  12 ball pythons
  9 bats
  6 endoplasms
  A giant cockroach (D:4)
  A goblin (D:3)
  6 hobgoblins
  5 quokkas
  15 frilled lizards
  12 kobolds
  14 rats
178 creatures vanquished.

Vanquished Creatures (others)
  12 plants (D:3)
12 creatures vanquished.

Grand Total: 190 creatures vanquished

Notes
Turn   | Place    | Note
-------+----------+-------------------------------------------
     0 | D:1      | 1994 the Vampire Brigand began the quest for the Orb.
     0 | D:1      | Reached XP level 1. HP: 16/16 MP: 1/1
   135 | D:1      | Reached skill level 6 in Stealth
   170 | D:1      | Reached XP level 2. HP: 22/22 MP: 2/2
   745 | D:2      | Gained mutation: You are afflicted with vampirism and can
                  | become a bat while bloodless. [Vampire growth]
   745 | D:2      | Reached XP level 3. HP: 27/27 MP: 3/3
   807 | D:2      | Noticed Terence
  1134 | D:2      | Reached XP level 4. HP: 28/33 MP: 4/4
  1376 | D:2      | Reached skill level 7 in Stealth
  1570 | D:3      | Noticed Jessica
  1660 | D:3      | Killed Jessica
  1828 | D:3      | Reached XP level 5. HP: 16/39 MP: 5/5
  2072 | D:3      | Found a faded altar of an unknown god.
  2116 | D:3      | Found a glowing drain.
  2143 | Sewer    | Entered a sewer
  2375 | Sewer    | Reached skill level 8 in Stealth
  2493 | D:3      | Reached XP level 6. HP: 46/46 MP: 6/6
  2792 | D:2      | Killed Terence
  2840 | D:4      | Found Joxy's Antique Weapon Shop.
  3232 | D:4      | Reached skill level 5 in Short Blades
  3504 | D:4      | Reached XP level 7. HP: 47/52 MP: 7/7
  3768 | D:5      | Entered Level 5 of the Dungeon
  3938 | D:5      | Noticed a gargoyle
  4195 | D:4      | Reached skill level 9 in Stealth
  4767 | D:5      | Found a radiant altar of Vehumet.
  4893 | D:6      | Reached XP level 8. HP: 61/61 MP: 8/8
  5200 | D:6      | Noticed Sigmund
  5211 | D:6      | Killed Sigmund
  5269 | D:6      | Reached skill level 5 in Fighting
  5269 | D:6      | Reached skill level 10 in Stealth
  5291 | D:6      | Found a staircase to the Ecumenical Temple.
  5297 | Temple   | Entered the Ecumenical Temple
  5865 | D:6      | Reached skill level 5 in Dodging
  6103 | D:7      | Found an ancient bone altar of Kikubaaqudgha.
  6614 | D:6      | Reached skill level 11 in Stealth
  6614 | D:6      | Reached XP level 9. HP: 38/69 MP: 9/9
  6751 | D:7      | Noticed Prince Ribbit
  6753 | D:7      | Killed Prince Ribbit
  7730 | D:7      | Reached skill level 12 in Stealth
  7990 | D:8      | Mangled by an orc warrior

Illustrated notes

Levels and vault maps discovered:
D:1:      lemuel_arrival_river_ford, layout_basic
D:2:      layout_loops_cross, minmay_quadrilaterals, uniq_terence
D:3:      layout_rooms, hellmonk_ecumenical_altar_heavens_door,
          cheibrodos_sewer_entry_bend, serial_bayou_lake_a, uniq_jessica
D:4:      layout_loops_ring, serial_shops, nicolae_shop_stone, fountainhead
D:5:      layout_rooms, nicolae_vehumet_altar_sigil, glass_columns_c,
          hangedman_abyss_or_decor_passed
D:6:      layout_rooms, minmay_temple_entry_waves, kennysheep_small_circle,
          uniq_sigmund
D:7:      layout_basic, mainiacjoe_overflow_paths, uniq_prince_ribbit1
D:8:      minmay_the_grid_triangle_9x9_rhombus_thin
          [minmay_the_grid_triangle_9x9_subtriangle,
          minmay_the_grid_triangle_9x9_prize_insulated,
          minmay_the_grid_triangle_9x9_descending_squares,
          minmay_the_grid_triangle_9x9_fully_insulated_deathbox], layout_rooms,
          grunt_temple_overflow_cloverleaf, chequers_serial_rivers_micro_c
Temple:   eino_temple_scatter_basement

Skill      XL: |  1  2  3  4  5  6  7  8  9 |
---------------+----------------------------+-----
Stealth        | 6 7 8 9 11 12 | 12.0
Fighting       | 2 3 4 5 6 |  6.5
Short Blades   | 3 4 5 6 7 8 |  8.6
Dodging        | 2 3 4 5 |  5.7
Throwing       | |  1.5

Action                   |  1- 3 |  4- 6 |  7- 9 || total
-------------------------+-------+-------+-------++-------
Melee: Dagger            |   116 |   263 |   223 ||   602
       Bite              |     9 |    19 |    40 ||    68
       Short sword       |       |       |    43 ||    43
       Rapier            |       |       |    98 ||    98
Throw: Dart              |     3 |    17 |    32 ||    52
Evoke: Wand              |       |       |     7 ||     7
  Use: Scroll            |       |     8 |     5 ||    13
       Potion            |       |       |     1 ||     1
 Stab: Sleeping          |    10 |    17 |    20 ||    47
Armor: Robe              |    27 |    48 |     3 ||    78
       Leather armour    |       |       |    82 ||    82
Dodge: Dodged            |    72 |   112 |   186 ||   370

Table legend: (Time is in decaauts)
 A = Elapsed time spent in this place.
 B = Non-inter-level travel time spent in this place.
 C = Inter-level travel time spent in this place.
 D = Time resting spent in this place.
 E = Time spent auto-exploring this place.
 F = Levels seen in this place.
 G = Mean time per level.
                   A        B        C        D        E       F      G
               +--------+--------+--------+--------+--------+-----+--------+
         Total |   7960 |   7565 |    395 |   1252 |   2967 |  10 |  796.0 |
       Dungeon |   7363 |   6982 |    381 |   1244 |   2714 |   8 |  920.4 |
        Temple |    202 |    188 |     14 |      0 |    173 |   1 |  202.0 |
         Sewer |    394 |    394 |      0 |      8 |     79 |   1 |  394.0 |
               +--------+--------+--------+--------+--------+-----+--------+

Top non-repeatable levels by time:
     D:4: 1213 daAuts
     D:7: 1199 daAuts
     D:5: 983 daAuts
     D:6: 952 daAuts
     D:2: 903 daAuts
     D:3: 876 daAuts
     D:1: 732 daAuts
     D:8: 502 daAuts
   Sewer: 394 daAuts
  Temple: 202 daAuts
